 Dungeon Crawl Stone Soup version 0.28-b1-70-g80dc712255 (webtiles) character file.

Game seed: 2513576430266946108

1930 daervis the Chopper (level 9, -1/55 HPs)
             Began as a Gargoyle Berserker on Feb 4, 2022.
             Was a Believer of Trog.
             Slain by a boulder beetle (10 damage)
             ... on level 7 of the Dungeon.
             The game lasted 00:28:26 (8947 turns).

daervis the Chopper (Gargoyle Berserker)            Turns: 8947, Time: 00:28:27

Health: -1/55      AC: 19    Str: 25    XL:     9   Next: 17%
Magic:  9/9        EV: 12    Int:  8    God:    Trog [**....]
Gold:   235        SH:  5    Dex:  9    Spells: 8/8 levels left

rFire   . . .      SeeInvis +   p - +2 hand axe (vamp)
rCold   . . .      Faith    .   (no shield)
rNeg    + . .      Spirit   .   o - +1 chain mail of the Devil's Team {-Cast Slay+2 SInv Stlth+}
rPois   ∞          Reflect  +   (no helmet)
rElec   +          Harm     .   (no cloak)
rCorr   .          Rampage  .   (no gloves)
Will    .....      NoCast   +   j - +0 pair of boots
Stlth   ..........              e - amulet of reflection
HPRegen 0.18/turn               n - +4 ring of evasion
MPRegen 0.11/turn               (no ring)

@: on berserk cooldown, slowed, very slow
A: sickness immunity, AC +6, negative energy resistance 1, electricity
resistance, torment resistance 1, petrification resistance
a: Renounce Religion, Berserk, Trog's Hand


You were on level 7 of the Dungeon.
You worshipped Trog.
Trog was pleased with you.
You visited 2 branches of the dungeon, and saw 8 of its levels.

You collected 235 gold pieces.

Inventory:

Hand Weapons
 p - a +2 vampiric hand axe (weapon)
Armour
 b - a +0 animal skin
 j - a +0 pair of boots (worn)
 o - the +1 chain mail of the Devil's Team (worn) {-Cast Slay+2 SInv Stlth+}
   (You found it on level 5 of the Dungeon)

   Slay:      It affects your accuracy & damage with ranged weapons and melee
   (+2).
   SInv:      It lets you see invisible.
   -Cast:     It prevents spellcasting.
   Stlth:     It makes you more stealthy.
Jewellery
 e - an amulet of reflection (around neck)
 n - a +4 ring of evasion (left hand)
 u - an amulet of regeneration
Wands
 t - a wand of flame (23)
Scrolls
 c - 5 scrolls of teleportation
 g - 3 scrolls of fog
 h - 2 scrolls of enchant armour
 l - a scroll of blinking
 m - 3 scrolls of immolation
 r - a scroll of identify
 s - a scroll of enchant weapon {unknown}
Potions
 a - a potion of might {unknown}
 d - a potion of magic {unknown}
 f - a potion of curing {unknown}
 i - 2 potions of flight
 k - 3 potions of brilliance
 q - a potion of haste {unknown}


   Skills:
 * Level 6.1 Fighting
 * Level 7.5 Axes
 * Level 6.7 Armour
 - Level 1.5 Dodging
 * Level 4.5 Stealth
 - Level 2.1 Shields


You had 8 spell levels left.
You didn't know any spells.
Your spell library was empty.

Dungeon Overview and Level Annotations

Branches:
Dungeon (7/15)             Temple (1/1) D:5

Altars:
Ashenzari
Cheibriados
Dithmenos
Gozag
Hepliaklqana
Kikubaaqudgha
Makhleb
Nemelex Xobeh
Okawaru
Ru
Sif Muna
Trog
Uskayaw
Wu Jian
Xom
Yredelemnul
Zin
The Shining One

Shops:
D:1 !   D:3 ==(   D:6 [


Innate Abilities, Weirdness & Mutations

You are immune to sickness and miasma.
Your stone body is resilient. (AC +6)
You are immune to poison.
You resist negative energy. (rN+)
You are resistant to electric shocks. (rElec)
You are resistant to unholy torment.
You are immune to petrification.


Message History

The boulder beetle bites you but does no damage.
You hit the boulder beetle but do no damage.
The boulder beetle is moderately wounded.
You hit the boulder beetle.
The boulder beetle is moderately wounded.
The boulder beetle leaps!
You feel a strong urge to attack something.
You are no longer berserk.
You are exhausted.
You feel yourself slow down.
The boulder beetle bites you but does no damage.
You hit the boulder beetle.
You feel better.
The boulder beetle is moderately wounded.
The boulder beetle leaps!
The boulder beetle waves its antennae.
The boulder beetle curls into a ball and begins rolling!
You block the boulder beetle's attack.
The boulder beetle stops rolling and uncurls.
You hit the boulder beetle but do no damage.
The boulder beetle is moderately wounded.
The boulder beetle bites you!
You hit the boulder beetle but do no damage.
The boulder beetle is moderately wounded.
The boulder beetle bites you but does no damage.
You hit the boulder beetle but do no damage.
The boulder beetle is moderately wounded.
The boulder beetle bites you. You block the boulder beetle's attack.
You hit the boulder beetle but do no damage.
The boulder beetle is moderately wounded.
The boulder beetle closely misses you.
You hit the boulder beetle.
The boulder beetle is moderately wounded.
The boulder beetle leaps!
The boulder beetle curls into a ball and begins rolling!
The boulder beetle hits you!!!
Ouch! That really hurt!
* * * LOW HITPOINT WARNING * * *
The boulder beetle stops rolling and uncurls.
The boulder beetle bites you!
You die...

#################
#........$......#
#...............#
#........°......#
#..<..@B........#
#...............#
#........<......#
######.##..##)...
#+##..# .## .....
. ..?... #......
######..


You could see a boulder beetle.

Vanquished Creatures
  Sigmund (D:2)
  A water moccasin (D:5)
  An ice beast (D:3)
  A black bear (D:6)
  A sky beast (D:5)
  2 centaurs (D:6)
  2 necrophages (D:4)
  4 scorpions
  2 electric eels (D:6)
  2 jellies
  A bullfrog skeleton (D:5)
  2 hounds (D:4)
  2 orc priests
  3 iguanas
  Jessica (D:2)
  Natasha (thrice) (D:4)
  Terence (D:2)
  5 orc wizards
  The ghost of vak the Cudgeller, a weakling MiBe of Trog (D:3)
  2 howler monkey zombies (D:5)
  5 adders
  3 gnolls (D:4)
  A howler monkey skeleton (D:6)
  An ufetubus (D:4)
  An adder skeleton (D:5)
  2 worms
  5 dart slugs
  9 orcs
  2 bats
  5 endoplasms
  3 giant cockroaches
  3 goblins
  8 hobgoblins
  4 jackals (D:5)
  3 quokkas
  6 ball pythons
  5 frilled lizards
  10 kobolds
  4 rats
118 creatures vanquished.

Vanquished Creatures (others)
  6 plants
6 creatures vanquished.

Grand Total: 124 creatures vanquished

Notes
Turn   | Place    | Note
-------+----------+-------------------------------------------
     0 | D:1      | daervis the Gargoyle Berserker began the quest for the Orb.
     0 | D:1      | Reached XP level 1. HP: 14/14 MP: 1/1
   534 | D:1      | Reached XP level 2. HP: 16/19 MP: 2/2
   569 | D:1      | Found Wyir's Distillery.
  1227 | D:1      | Reached ** piety under Trog
  1324 | D:1      | Reached XP level 3. HP: 23/24 MP: 3/3
  1423 | D:1      | Found a faded altar of an unknown god.
  1721 | D:2      | Reached skill level 3 in Axes
  1898 | D:2      | Noticed Jessica
  1905 | D:2      | Killed Jessica
  1906 | D:2      | Reached skill level 1 in Stealth
  1906 | D:2      | Reached XP level 4. HP: 29/29 MP: 4/4
  2044 | D:2      | Noticed a scorpion
  2071 | D:2      | Killed a scorpion
  2072 | D:2      | Reached XP level 5. HP: 33/33 MP: 5/5
  2159 | D:2      | Noticed Terence
  2172 | D:2      | Killed Terence
  2282 | D:2      | Noticed Sigmund
  2333 | D:3      | Found Enwevegg's Antique Weapon Shoppe.
  2588 | D:3      | Found a runed translucent door.
  2588 | D:3      | Noticed vak's ghost (weakling MiBe)
  2654 | D:3      | Noticed an ice beast
  2665 | D:3      | Killed an ice beast
  2666 | D:3      | Reached skill level 4 in Axes
  2666 | D:3      | Reached skill level 1 in Shields
  2666 | D:3      | Reached XP level 6. HP: 39/39 MP: 6/6
  2747 | D:3      | Killed vak's ghost
  2819 | D:3      | Found Hocur's Jewellery Shoppe.
  3056 | D:3      | Found Gezalyw's Jewellery Shop.
  3529 | D:2      | Killed Sigmund
  3530 | D:2      | Reached XP level 7. HP: 44/44 MP: 7/7
  4434 | D:4      | Reached skill level 5 in Axes
  4434 | D:4      | Reached skill level 5 in Armour
  4788 | D:5      | Entered Level 5 of the Dungeon
  4972 | D:4      | Noticed Natasha
  4978 | D:4      | Killed Natasha
  5453 | D:4      | Reached skill level 5 in Fighting
  5453 | D:4      | Reached XP level 8. HP: 13/49 MP: 8/8
  5879 | D:4      | Noticed Natasha
  5884 | D:4      | Killed Natasha
  5979 | D:4      | Reached skill level 6 in Axes
  6285 | D:4      | Noticed Natasha
  6288 | D:4      | Killed Natasha
  6635 | D:5      | Found an ancient bone altar of Kikubaaqudgha.
  6738 | D:5      | Reached *** piety under Trog
  6853 | D:5      | Found a staircase to the Ecumenical Temple.
  6879 | Temple   | Entered the Ecumenical Temple
  7134 | D:5      | Identified the +1 chain mail of the Devil's Team {-Cast
                  | Slay+2 SInv Stlth+}
  7739 | D:6      | Reached skill level 7 in Axes
  7824 | D:7      | Noticed a boulder beetle
  7840 | D:6      | Found a transporter.
  7981 | D:6      | Reached XP level 9. HP: 55/55 MP: 9/9
  8035 | D:6      | Found a transporter.
  8289 | D:6      | Found Xuef's Armour Shoppe.
  8947 | D:7      | Slain by a boulder beetle

Illustrated notes

Levels and vault maps discovered:
D:1:      dpeg_arrival_fog, layout_basic, serial_shops, shop,
          basic_ecumenical_altar, st_stairs_4, nrook_campfire,
          lemuel_old_faithful
D:2:      layout_basic, uniq_sigmund, uniq_jessica, uniq_terence
D:3:      layout_rooms, serial_bayou, serial_bayou_shore_b, serial_bayou_pond_d,
          serial_bayou_shore_b, serial_bayou_lake_a, serial_shops,
          nicolae_shop_hallway_plus, nicolae_shop_statue_plus,
          nicolae_shop_trees, gammafunk_ghost_grave,
          minmay_misc_feat_nine_boxes, minmay_crystal_room, hangedman_decor_push
D:4:      layout_basic, uniq_natasha
D:5:      layout_cave_pools, mainiacjoe_overflow_paths,
          minmay_temple_entry_steel_oval
D:6:      gammafunk_steamed_eel, layout_basic, serial_shops, nicolae_shop_stone
D:7:      layout_gridville, elyvilon_altar_3, supply_closet_lemuel, uniq_harold
Temple:   minmay_temple_bridge_d

Skill      XL: |  1  2  3  4  5  6  7  8  9 |
---------------+----------------------------+-----
Axes           | 3 4 5 7 |  7.5
Armour         | 3 4 5 6 |  6.7
Stealth        | 1 2 3 4 |  4.5
Fighting       | 4 5 6 |  6.1
Shields        | 1 2 |  2.1
Dodging        | |  1.5

Action                   |  1- 3 |  4- 6 |  7- 9 || total
-------------------------+-------+-------+-------++-------
Melee: Hand axe          |    88 |   101 |   268 ||   457
       Punch             |       |     1 |     6 ||     7
Invok: Berserk           |     2 |     6 |    14 ||    22
  Use: Scroll            |       |       |     8 ||     8
Armor: Scale mail        |    31 |    52 |    95 ||   178
       Chain mail        |       |       |    26 ||    26
Dodge: Dodged            |    38 |    54 |   112 ||   204
Block: Other             |    14 |    25 |    64 ||   103
       Reflection        |       |       |     5 ||     5
